Workbook

Sheet лотин
E1: 10-ilova
A2: "Oʻzkimyosanoat" AJ tasdiqlangan yillik xarajatlar smetasining ijrosi, shu jumladan obyektlarni qurish, rekonstruksiya qilish va kapital taʼmirlash ishlari, avtomototransport vositalarini sotib olish va saqlash xarajatlari toʻgʻrisidagi 2026-yil 1-choragi boʻyicha
A3: MAʼLUMOTLAR
F4: (mln soʻm)
A5: № | B5: Xarajat turlari | C5: Xarajat kodlari | D5: Tasdiqlangan smeta | E5: Amaldagi xarajatlar | F5: Smeta boʻyicha qoldiq
A6: 1 | B6: Ish haqi va unga tenglashtirilgan toʻlovlar | D6: 8297.26 | E6: 7111.934 | F6: =D6-E6 -> 1185.326
A7: =A6+1 -> 2 | B7: Yagona ijtimoiy toʻlov | D7: 995.67 | E7: 853.432 | F7: =D7-E7 -> 142.238
A8: =A7+1 -> 3 | B8: Ijtimoiy ehtiyojlarga boshqa ajratmalar/badallar | D8: 9425.25 | E8: 8708.514 | F8: =D8-E8 -> 716.736
B9: Boshqa xarajatlar | D9: =D11+D12+D13+D14+D15+D16+D17+D18+D19+D20+D21+D22+D23+D24+D25+D26 -> 33353.59 | E9: =E11+E12+E13+E14+E15+E16+E17+E18+E19+E20+E21+E22+E23+E24+E25+E26 -> 59629.157 | F9: =D9-E9 -> -26275.567
B10: shu jumladan:
A11: =A8+1 -> 4 | B11: Respublika ichidagi xizmat safari xarajatlari | D11: 150 | E11: 54.806 | F11: =D11-E11 -> 95.194
A12: =A11+1 -> 5 | B12: Chet davlatlarga xizmat safari xarajatlari | D12: 668.4 | E12: 596.272 | F12: =D12-E12 -> 72.128
A13: =A12+1 -> 6 | B13: Energiya xarajatlari (elektroenergiya, tabiiy gaz, issiqlik energiyasi, issiq suv) | D13: 170.5 | E13: 150.12 | F13: =D13-E13 -> 20.38
A14: =A13+1 -> 7 | B14: Sovuq suv va kanalizatsiya | D14: 3 | E14: 1.56 | F14: =D14-E14 -> 1.44
A15: =A14+1 -> 8 | B15: Chiqindilarni tozalash, olib chiqib ketish bilan bogʻliq xizmatlar hamda energetik va boshqa resurslar (benzin va boshqa YOMMlardan tashqari)ni sotib olish | D15: 6.7 | E15: 4.059 | F15: =D15-E15 -> 2.641
A16: =A15+1 -> 9 | B16: Transport vositalari xarajatlari | D16: 33.69 | E16: 63.968 | F16: =D16-E16 -> -30.278
A17: =A16+1 -> 10 | B17: Kompyuter jihozlari, hisoblash va audio-video texnika сотиб олиш | D17: 313 | E17: 108.857 | F17: =D17-E17 -> 204.143
A18: =A17+1 -> 11 | B18: Tovar-moddiy zaxiralar (qogʻozdan tashqari) | D18: 98.58 | E18: 35.973 | F18: =D18-E18 -> 62.607
A19: =A18+1 -> 12 | B19: Qogʻoz xarid qilish uchun xarajatlar | D19: 9.6 | E19: 7.575 | F19: =D19-E19 -> 2.025
A20: =A19+1 -> 13 | B20: Yonilgʻi va YOMM | D20: 110.85 | E20: 101.549 | F20: =D20-E20 -> 9.301
A21: =A20+1 -> 14 | B21: Axborot, telefon, pochta va kommunikatsiya xizmatlari | D21: 355.8 | E21: 235.59 | F21: =D21-E21 -> 120.21
A22: =A21+1 -> 15 | B22: Obyektlarni qoʻriqlash xizmatlari | D22: 145 | E22: 119.823 | F22: =D22-E22 -> 25.177
A23: =A22+1 -> 16 | B23: Tovar va xizmatlar sotib olish boʻyicha boshqa xarajatlar | D23: 1142.67 | E23: 76.531 | F23: =D23-E23 -> 1066.139
... A26: =A25+1 -> 19 | B26: Boshqa xarajatlar | D26: 28936.3 | E26: 57999.368 | F26: =D26-E26 -> -29063.068
B27: Jami xarajatlar | D27: =D6+D7+D8+D9 -> 52071.77 | E27: =E6+E7+E8+E9 -> 76303.037 | F27: =D27-E27 -> -24231.267
B29: Izoh: Biznes-rejaga nisbatan boshqa xarajatlarning oshib ketishining asosiy sabablari quyidagilardir: 1) Maxam Corp kompaniyasi bilan arbitraj doirasida White & Case kompaniyasi tomonidan yuridik xizmatlar koʻrsatish xarajatlarini oshganligi; 2) tarkibiy korxona tugatilishi munosabati bilan hisobdan chiqarish xarajatlarining yuzaga kelishi.

Sheet кирил
E1: 10-илова
A2: "Ўзкимёсаноат" АЖ тасдиқланган йиллик харажатлар сметасининг ижроси, шу жумладан объектларни қуриш, реконструкция қилиш ва капитал таъмирлаш ишлари, автомототранспорт воситаларини сотиб олиш ва сақлаш харажатлари тўғрисидаги 2026 йил 1-чораги бўйича
A3: МАЪЛУМОТЛАР
F4: (млн сўм)
A5: № | B5: Харажат турлари | C5: Харажат кодлари | D5: Тасдиқланган смета | E5: Амалдаги харажатлар | F5: Смета бўйича қолдиқ
A6: 1 | B6: Иш ҳақи ва унга тенглаштирилган тўловлар | D6: =лотин!D6 -> 8297.26 | E6: =лотин!E6 -> 7111.934 | F6: =D6-E6 -> 1185.326
A7: =A6+1 -> 2 | B7: Ягона ижтимоий тўлов | D7: =лотин!D7 -> 995.67 | E7: =лотин!E7 -> 853.432 | F7: =D7-E7 -> 142.238
A8: =A7+1 -> 3 | B8: Ижтимоий эҳтиёжларга бошқа ажратмалар/бадаллар | D8: =лотин!D8 -> 9425.25 | E8: =лотин!E8 -> 8708.514 | F8: =D8-E8 -> 716.736
B9: Бошқа харажатлар | D9: =D11+D12+D13+D14+D15+D16+D17+D18+D19+D20+D21+D22+D23+D24+D25+D26 -> 33353.59 | E9: =E11+E12+E13+E14+E15+E16+E17+E18+E19+E20+E21+E22+E23+E24+E25+E26 -> 59629.157 | F9: =D9-E9 -> -26275.567
B10: шу жумладан:
A11: =A8+1 -> 4 | B11: Республика ичидаги хизмат сафари харажатлари | D11: =лотин!D11 -> 150 | E11: =лотин!E11 -> 54.806 | F11: =D11-E11 -> 95.194
A12: =A11+1 -> 5 | B12: Чет давлатларга хизмат сафари харажатлари | D12: =лотин!D12 -> 668.4 | E12: =лотин!E12 -> 596.272 | F12: =D12-E12 -> 72.128
A13: =A12+1 -> 6 | B13: Энергия харажатлари (электроэнергия, табиий газ, иссиқлик энергияси, иссиқ сув) | D13: =лотин!D13 -> 170.5 | E13: =лотин!E13 -> 150.12 | F13: =D13-E13 -> 20.38
A14: =A13+1 -> 7 | B14: Совуқ сув ва канализация | D14: =лотин!D14 -> 3 | E14: =лотин!E14 -> 1.56 | F14: =D14-E14 -> 1.44
A15: =A14+1 -> 8 | B15: Чиқиндиларни тозалаш, олиб чиқиб кетиш билан боғлиқ хизматлар ҳамда энергетик ва бошқа ресурслар (бензин ва бошқа ЁММлардан ташқари)ни сотиб олиш | D15: =лотин!D15 -> 6.7 | E15: =лотин!E15 -> 4.059 | F15: =D15-E15 -> 2.641
A16: =A15+1 -> 9 | B16: Транспорт воситалари харажатлари | D16: =лотин!D16 -> 33.69 | E16: =лотин!E16 -> 63.968 | F16: =D16-E16 -> -30.278
A17: =A16+1 -> 10 | B17: Компьютер жиҳозлари, ҳисоблаш ва аудио-видео техника сотиб олиш | D17: =лотин!D17 -> 313 | E17: =лотин!E17 -> 108.857
A18: =A17+1 -> 11 | B18: Товар-моддий захиралар (қоғоздан ташқари) | D18: =лотин!D18 -> 98.58 | E18: =лотин!E18 -> 35.973 | F18: =D18-E18 -> 62.607
A19: =A18+1 -> 12 | B19: Қоғоз харид қилиш учун харажатлар | D19: =лотин!D19 -> 9.6 | E19: =лотин!E19 -> 7.575 | F19: =D19-E19 -> 2.025
A20: =A19+1 -> 13 | B20: Ёнилғи ва ЁММ | D20: =лотин!D20 -> 110.85 | E20: =лотин!E20 -> 101.549 | F20: =D20-E20 -> 9.301
A21: =A20+1 -> 14 | B21: Ахборот, телефон, почта ва коммуникация хизматлари | D21: =лотин!D21 -> 355.8 | E21: =лотин!E21 -> 235.59 | F21: =D21-E21 -> 120.21
A22: =A21+1 -> 15 | B22: Объектларни қўриқлаш хизматлари | D22: =лотин!D22 -> 145 | E22: =лотин!E22 -> 119.823 | F22: =D22-E22 -> 25.177
A23: =A22+1 -> 16 | B23: Товар ва хизматлар сотиб олиш бўйича бошқа харажатлар | D23: =лотин!D23 -> 1142.67 | E23: =лотин!E23 -> 76.531 | F23: =D23-E23 -> 1066.139
A24: =A23+1 -> 17 | B24: Лицензион дастурий таъминотлар, маълумотлар хавсизлигини таъминлаш, электрон почта хизматлари, автоматлаштирилган мониторинг тизими ва бошқалар | D24: =лотин!D24 -> 1189.5 | E24: =лотин!E24 -> 71.138 | F24: =D24-E24 -> 1118.362
A25: =A24+1 -> 18 | B25: Электрон давлат харидларида иштирок этиш учун закалат тўлови харажатлари | D25: =лотин!D25 -> 20 | E25: =лотин!E25 -> 1.968 | F25: =D25-E25 -> 18.032
A26: =A25+1 -> 19 | B26: Бошқа харажатлар | D26: =лотин!D26 -> 28936.3 | E26: =лотин!E26 -> 57999.368 | F26: =D26-E26 -> -29063.068
B27: Жами харажатлар | D27: =D6+D7+D8+D9 -> 52071.77 | E27: =E6+E7+E8+E9 -> 76303.037 | F27: =D27-E27 -> -24231.267
B29: Изоҳ: Бизнес-режага нисбатан бошқа харажатларнинг ошиб кетишининг асосий сабаблари қуйидагилардир: 1) Maxam Corp компанияси билан арбитраж доирасида White & Case компанияси томонидан юридик хизматлар кўрсатиш харажатларини ошганлиги; 2) таркибий корхона тугатилиши муносабати билан ҳисобдан чиқариш харажатларининг юзага келиши.

Sheet рус
E1: 10-приложение
A2: ИНФОРМАЦИЯ
A3: об исполнении сметы затрат АО "Узкимёсаноат", в том числе затрат на строительство объектов, реконструкцию и капитальный ремонт, приобретение автотранспортных средств и затрат на их содержание по итогам 1-квартала 2026 года
F4: (млн сум)
A5: № | B5: Структура затрат | C5: Коды затрат | D5: Утвержденная смета | E5: Фактические затраты | F5: Остаток по смете
A6: 1 | B6: Оплата труда и приравненные к ней выплаты | D6: =лотин!D6 -> 8297.26 | E6: =лотин!E6 -> 7111.934 | F6: =D6-E6 -> 1185.326
A7: =A6+1 -> 2 | B7: Единый социальный налог | D7: =лотин!D7 -> 995.67 | E7: =лотин!E7 -> 853.432 | F7: =D7-E7 -> 142.238
A8: =A7+1 -> 3 | B8: Другие соцальные выплаты/ статьи | D8: =лотин!D8 -> 9425.25 | E8: =лотин!E8 -> 8708.514 | F8: =D8-E8 -> 716.736
B9: Прочие затраты | D9: =D11+D12+D13+D14+D15+D16+D17+D18+D19+D20+D21+D22+D23+D24+D25+D26 -> 33353.59 | E9: =E11+E12+E13+E14+E15+E16+E17+E18+E19+E20+E21+E22+E23+E24+E25+E26 -> 59629.157 | F9: =D9-E9 -> -26275.567
B10: в том числе:
A11: =A8+1 -> 4 | B11: Затраты на служебные командировки внутри республики | D11: =лотин!D11 -> 150 | E11: =лотин!E11 -> 54.806 | F11: =D11-E11 -> 95.194
A12: =A11+1 -> 5 | B12: Затраты на служебные командировки за пределами республики | D12: =лотин!D12 -> 668.4 | E12: =лотин!E12 -> 596.272 | F12: =D12-E12 -> 72.128
A13: =A12+1 -> 6 | B13: Энергозатраты (электроэнергия, природный газ, тепловая энергия, горячая вода) | D13: =лотин!D13 -> 170.5 | E13: =лотин!E13 -> 150.12 | F13: =D13-E13 -> 20.38
A14: =A13+1 -> 7 | B14: Холодная вода и канализация | D14: =лотин!D14 -> 3 | E14: =лотин!E14 -> 1.56 | F14: =D14-E14 -> 1.44
A15: =A14+1 -> 8 | B15: Услуги по вывозу отходов, а также затраты по приобретению ресурсов (бензин и другие горюче-смазочные материалы) | D15: =лотин!D15 -> 6.7 | E15: =лотин!E15 -> 4.059 | F15: =D15-E15 -> 2.641
A16: =A15+1 -> 9 | B16: Транспортные расходы | D16: =лотин!D16 -> 33.69 | E16: =лотин!E16 -> 63.968 | F16: =D16-E16 -> -30.278
A17: =A16+1 -> 10 | B17: Приобретение компьютерных принадлежностей, вычислительной и аудио-видео техники | D17: =лотин!D17 -> 313 | E17: =лотин!E17 -> 108.857
A18: =A17+1 -> 11 | B18: Товарно-материальные запасы (кроме бумагиi) | D18: =лотин!D18 -> 98.58 | E18: =лотин!E18 -> 35.973 | F18: =D18-E18 -> 62.607
A19: =A18+1 -> 12 | B19: Затраты на приобретение бумаги | D19: =лотин!D19 -> 9.6 | E19: =лотин!E19 -> 7.575 | F19: =D19-E19 -> 2.025
A20: =A19+1 -> 13 | B20: Топливо и горюче-смазочные материалы | D20: =лотин!D20 -> 110.85 | E20: =лотин!E20 -> 101.549 | F20: =D20-E20 -> 9.301
A21: =A20+1 -> 14 | B21: Информационные, телефонные, почтовые и коммуникационные услуги | D21: =лотин!D21 -> 355.8 | E21: =лотин!E21 -> 235.59 | F21: =D21-E21 -> 120.21
A22: =A21+1 -> 15 | B22: Услуги по охране объекта | D22: =лотин!D22 -> 145 | E22: =лотин!E22 -> 119.823 | F22: =D22-E22 -> 25.177
A23: =A22+1 -> 16 | B23: Прочие расходы на приобретение товаров и услуг | D23: =лотин!D23 -> 1142.67 | E23: =лотин!E23 -> 76.531 | F23: =D23-E23 -> 1066.139
A24: =A23+1 -> 17 | B24: Лицензионное программное обеспечение, безопасности данных, электронной почте, автоматизированной системы мониторинга и другие | D24: =лотин!D24 -> 1189.5 | E24: =лотин!E24 -> 71.138 | F24: =D24-E24 -> 1118.362
A25: =A24+1 -> 18 | B25: Авансовые платежи за участие в электронных государственных закупках | D25: =лотин!D25 -> 20 | E25: =лотин!E25 -> 1.968 | F25: =D25-E25 -> 18.032
A26: =A25+1 -> 19 | B26: Прочие расходы | D26: =лотин!D26 -> 28936.3 | E26: =лотин!E26 -> 57999.368 | F26: =D26-E26 -> -29063.068
B27: Всего расходы: | D27: =D6+D7+D8+D9 -> 52071.77 | E27: =E6+E7+E8+E9 -> 76303.037 | F27: =D27-E27 -> -24231.267
B28: Примечание: основными причинами превышения прочих расходов против бизнес плана являются: 1) увеличение расходов за оказание юридических услуг со стороны компании White & Case в рамках арбитражного разбирательства с компанией Maxam Corp; 2) списание расходов в связи с ликвидацией структурного подразделения.
